 Dungeon Crawl Stone Soup version 0.30-a0-462-gd5975efbca (webtiles) character file.

Game seed: 16820353379663669848

1572 bobo the Thaumaturge (level 8, 0/41 HPs)
             Began as a Deep Elf Fire Elementalist on Dec 17, 2022.
             Was a Follower of Vehumet.
             Slain by a yak (4 damage)
             ... on level 5 of the Dungeon.
             The game lasted 00:16:34 (5034 turns).

bobo the Thaumaturge (Deep Elf Fire Elementalist)   Turns: 5034, Time: 00:16:35

Health: 0/41       AC:  4    Str:  5    XL:     8   Next: 59%
Magic:  0/22       EV: 12    Int: 23    God:    Vehumet [*.....]
Gold:   270        SH:  0    Dex: 15    Spells: 8/23 levels left

rFire   . . .      SeeInvis .    C - +1 short sword (protect)
rCold   . . .      Faith    .    (no shield)
rNeg    . . .      Spirit   .    a - +0 robe
rPois   .          Reflect  .    k - +0 helmet
rElec   .          Harm     .    (no cloak)
rCorr   .          Rampage  .    (no gloves)
Will    .....                    e - +0 pair of boots
Stlth   ++........               (no amulet)
HPRegen 0.26/turn                (no ring)
MPRegen 0.18/turn                (no ring)

@: about to teleport
A: no striking features
a: Renounce Religion


You were on level 5 of the Dungeon.
You worshipped Vehumet.
Vehumet was aware of your devotion.
You visited 1 branch of the dungeon, and saw 5 of its levels.

You collected 270 gold pieces.

Inventory:

Hand Weapons
 B - a +1 flail of holy wrath
 C - a +1 short sword of protection (weapon)
Armour
 a - a +0 robe (worn)
 e - a +0 pair of boots (worn)
 k - a +0 helmet (worn)
 y - a +0 hat
 E - a +2 pair of boots
Jewellery
 i - a ring of ice
Wands
 v - a wand of quicksilver (11)
Scrolls
 d - a scroll of identify
 m - a scroll of butterflies
 n - a scroll of enchant weapon {unknown}
 r - a scroll of magic mapping {unknown}
 t - a scroll of fog {unknown}
 u - a scroll of vulnerability {unknown}
 x - a scroll of noise {unknown}
 z - a scroll of fear {unknown}
 A - a scroll of torment
 D - a scroll of immolation {unknown}
Potions
 b - 2 potions of magic
 c - 2 potions of invisibility {unknown}
 f - 2 potions of berserk rage
 h - 2 potions of curing
 j - a potion of brilliance {unknown}
 o - 2 potions of might
 p - a potion of attraction {unknown}
 q - a potion of flight {unknown}
 s - 3 potions of lignification
 w - a potion of mutation {unknown}


   Skills:
 - Level 2.4 Dodging
 - Level 2.4 Stealth
 + Level 8.2 Spellcasting
 + Level 6.4 Conjurations
 + Level 4.5 Hexes
 - Level 6.1 Fire Magic
 + Level 3.3 Air Magic


You had 8 spell levels left.
You knew the following spells:

 Your Spells              Type           Power      Damage    Failure   Level
a - Foxfire               Conj/Fire      100%       2x1d9     1%          1
b - Scorch                Fire           74%        2d9       1%          2
c - Kiss of Death         Conj/Necr      96%        2d12      1%          1
d - Inner Flame           Hex/Fire       33%        N/A       2%          3
e - Kindle Blastsparks    Fire/Tloc/Air  46%        2d13      5%          3
f - Shock                 Conj/Air       100%       1d9       1%          1
g - Flame Wave            Conj/Fire      38%        2d10      4%          4

Your spell library contained the following spells:

 Spells                   Type           Power      Damage    Failure   Level
 Confusing Touch          Hex            30%        N/A       3%          3
 Dispel Undead            Necr           9%         3d8       56%         4


Dungeon Overview and Level Annotations

Branches:
Dungeon (5/15)
 Temple: D:4-7

Altars:
Cheibriados
Dithmenos
Makhleb
Vehumet


Message History

Confirm with . or Enter, or press ? or * to list all spells.
Flames lash the yak.
The yak is burned terribly!
The yak is heavily wounded.
The yak closely misses you.
Casting: Scorch (safe; 1% risk of failure)
Confirm with . or Enter, or press ? or * to list all spells.
Flames lash the yak.
The yak is burned terribly!
The yak is heavily wounded.
The yak gores you! The yak gores you but does no damage.
Found a scroll labelled ROETAHAULO.
Casting: Scorch (safe; 1% risk of failure)
Confirm with . or Enter, or press ? or * to list all spells.
Flames lash the yak.
The yak is burned terribly!
You kill the yak!
Vehumet accepts your kill. The yak gores you!
* * * LOW HITPOINT WARNING * * *
Okay, then.
Casting: Scorch (safe; 1% risk of failure)
Confirm with . or Enter, or press ? or * to list all spells.
Flames lash the yak.
The yak is burned terribly!
The yak is almost dead.
The yak gores you.
* * * LOW HITPOINT WARNING * * *
As you read the scroll labelled FIOPNI UMAU, it crumbles to dust.
It is a scroll of enchant armour.
Your +1 pair of boots glows green for a moment.
The yak closely misses you. The yak attacks as you move away!
The yak closely misses you.
Found a stone staircase leading down.
You see here a scroll labelled ROETAHAULO.
Casting: Scorch (safe; 1% risk of failure)
Confirm with . or Enter, or press ? or * to list all spells.
Flames lash the yak but do no damage.
The yak gores you!
* * * LOW HITPOINT WARNING * * *
There is a stone staircase leading down here.
As you read the scroll labelled UDWARU QURGHO, it crumbles to dust.
You feel strangely unstable.
It was a scroll of teleportation.
The yak gores you.
You die...

####..###.####÷##
#...##..#.
Y......#.§# #>.#
#.#..#.##.
#..#.### #..#
#.##......
#...†..# #..#
#.....####
#.##.#.# ##.#
#.....###
#....#.####.###
#.##.#
#..###........####
#.. #..
######Y.....#.###
## ##@......#
#.......#
.........
#........#
#........#
.........#
##########


You could see a yak (combustible).

Vanquished Creatures
  Grinder (D:3)
  2 yaks (D:5)
  3 black bears
  An ice beast (D:5)
  2 phantoms
  A bullfrog (D:4)
  3 scorpions
  A hound (D:4)
  A jelly (D:3)
  A gnoll bouda (D:5)
  An iguana (D:4)
  An orc wizard (D:4)
  3 gnolls (D:5)
  5 adders
  3 worms (D:4)
  A dart slug (D:2)
  14 orcs
  8 ball pythons
  8 endoplasms
  12 giant cockroaches
  10 goblins
  4 hobgoblins
  9 jackals
  4 quokkas
  4 bats
  3 frilled lizards
  5 kobolds
  3 rats
114 creatures vanquished.

Vanquished Creatures (others)
  265 foxfires
265 creatures vanquished.

Grand Total: 379 creatures vanquished

Notes
Turn   | Place    | Note
-------+----------+-------------------------------------------
     0 | D:1      | bobo the Deep Elf Fire Elementalist began the quest for the
                  | Orb.
     0 | D:1      | Reached XP level 1. HP: 10/10 MP: 6/6
   259 | D:1      | Reached XP level 2. HP: 15/15 MP: 4/8
   262 | D:1      | Learned a level 2 spell: Scorch
   392 | D:1      | Found a faded altar of an unknown god.
   392 | D:1      | Noticed a hellion
  1290 | D:2      | Reached XP level 3. HP: 19/19 MP: 5/10
  2130 | D:3      | Reached skill level 4 in Spellcasting
  2364 | D:3      | Noticed Grinder
  2365 | D:3      | Reached XP level 4. HP: 24/24 MP: 4/12
  2380 | D:3      | Paralysed by Grinder for 4 turns
  2397 | D:3      | Paralysed by Grinder for 4 turns
  2494 | D:3      | Killed Grinder
  2495 | D:3      | Reached skill level 5 in Spellcasting
  2495 | D:3      | Reached skill level 5 in Fire Magic
  2495 | D:3      | Reached XP level 5. HP: 28/28 MP: 1/14
  2495 | D:3      | Reached XP level 6. HP: 32/32 MP: 1/16
  2618 | D:3      | Found a radiant altar of Vehumet.
  2620 | D:3      | Found a burning altar of Makhleb.
  2643 | D:3      | Learned a level 1 spell: Kiss of Death
  2662 | D:3      | Became a worshipper of Vehumet
  2774 | D:3      | Learned a level 3 spell: Inner Flame
  2778 | D:3      | Learned a level 3 spell: Kindle Blastsparks
  3403 | D:4      | Reached skill level 6 in Spellcasting
  3486 | D:4      | Found a snail-covered altar of Cheibriados.
  3657 | D:4      | Reached XP level 7. HP: 36/36 MP: 14/18
  3912 | D:4      | Reached skill level 5 in Conjurations
  4226 | D:4      | Reached * piety under Vehumet
  4226 | D:4      | Offered knowledge of Shock by Vehumet.
  4227 | D:4      | Reached skill level 1 in Hexes
  4486 | D:5      | Entered Level 5 of the Dungeon
  4492 | D:5      | Reached skill level 1 in Air Magic
  4500 | D:5      | Reached skill level 7 in Spellcasting
  4688 | D:5      | Found a shadowy altar of Dithmenos.
  4698 | D:5      | Reached XP level 8. HP: 41/41 MP: 16/21
  4739 | D:5      | Learned a level 1 spell: Shock
  4744 | D:5      | Learned a level 4 spell: Flame Wave
  5017 | D:5      | Reached skill level 8 in Spellcasting
  5034 | D:5      | Slain by a yak

Illustrated notes

Levels and vault maps discovered:
D:1:      kilobyte_arrival_exit_the_forest, layout_basic,
          dreamdust_ecumenical_altar_sealed_demon
D:2:      layout_basic, grunt_decor_clamped
D:3:      layout_rooms, trog_butcher_becter,
          grunt_temple_overflow_lords_of_destruction,
          minmay_fractal_squares_diagonal_5, uniq_grinder
D:4:      layout_basic, lemuel_round_altar, grunt_ministairs_3, grunt_tough_drop
D:5:      layout_rooms, mainiacjoe_overflow_paths

Skill      XL: |  1  2  3  4  5  6  7  8 |
---------------+-------------------------+-----
Conjurations   | 2 3 4 5 6 |  6.4
Fire Magic     | 4 5 6 |  6.1
Spellcasting   | 4 5 6 7 8 |  8.2
Hexes          | 2 4 |  4.5
Air Magic      | 2 3 |  3.3
Dodging        | |  2.4
Stealth        | |  2.4

Action                   |  1- 3 |  4- 6 |  7- 9 || total
-------------------------+-------+-------+-------++-------
Melee: Short sword       |       |    36 |       ||    36
 Cast: Foxfire           |    80 |    44 |    50 ||   174
       Scorch            |    12 |    26 |    35 ||    73
       Kindle Blastspark |       |       |     5 ||     5
       Inner Flame       |       |       |     1 ||     1
  Use: Scroll            |       |       |     7 ||     7
 Stab: Sleeping          |       |     1 |       ||     1
Armor: Robe              |     4 |    16 |     3 ||    23
Dodge: Dodged            |     1 |    25 |     5 ||    31

Table legend: (Time is in decaauts)
 A = Elapsed time spent in this place.
 B = Non-inter-level travel time spent in this place.
 C = Inter-level travel time spent in this place.
 D = Time resting spent in this place.
 E = Time spent auto-exploring this place.
 F = Levels seen in this place.
 G = Mean time per level.
                   A        B        C        D        E       F      G
               +--------+--------+--------+--------+--------+-----+--------+
         Total |   5043 |   4944 |     99 |    173 |   3853 |   5 | 1008.6 |
       Dungeon |   5043 |   4944 |     99 |    173 |   3853 |   5 | 1008.6 |
               +--------+--------+--------+--------+--------+-----+--------+

Top non-repeatable levels by time:
     D:4: 1374 daAuts
     D:1: 1264 daAuts
     D:2: 971 daAuts
     D:3: 886 daAuts
     D:5: 547 daAuts
